 Dungeon Crawl Stone Soup version 0.29-a0-925-g0a7a3d12f8 (webtiles) character file.

Game seed: 3275759361099135087

5640 mcwallace the Thaumaturge (level 10, -1/56 HPs)
             Began as a Deep Elf Fire Elementalist on July 28, 2022.
             Was a Believer of Vehumet.
             Slain by a two-headed ogre
             ... wielding a +0 great mace
              (12 damage)
             ... on level 9 of the Dungeon.
             The game lasted 00:28:51 (10787 turns).

mcwallace the Thaumaturge (DEFE)                   Turns: 10787, Time: 00:28:52

Health: -1/56      AC:  7    Str:  5    XL:     10   Next: 46%
Magic:  6/25       EV: 16    Int: 25    God:    Vehumet [**....]
Gold:   1333       SH:  0    Dex: 15    Spells: 13/27 levels left

rFire   . . .      SeeInvis .   W - +6 spear of the Tooth {freeze, Fly rElec rC+ Will+, polearm}
rCold   + . .      Faith    .   (no shield)
rNeg    . . .      Spirit   .   Z - +0 steam dragon scales
rPois   .          Reflect  .   (no helmet)
rElec   +          Harm     .   (no cloak)
rCorr   .          Rampage  .   w - +1 pair of gloves
Will    ++...                   (no boots)
Stlth   +++.......              (no amulet)
HPRegen 0.18/turn               I - ring of wizardry
MPRegen 0.19/turn               r - +4 ring of slaying

@: freezing walls, flying
A: no striking features
a: Renounce Religion


You were on level 9 of the Dungeon.
You worshipped Vehumet.
Vehumet was pleased with you.
You visited 2 branches of the dungeon, and saw 10 of its levels.
You also visited: Sewer.

You collected 1385 gold pieces.
You spent 52 gold pieces at shops.


   Skills:
 + Level 3.5 Fighting
 + Level 8.6 Dodging
 - Level 4.3 Stealth
 + Level 9.4 Spellcasting
 + Level 7.7 Conjurations
 + Level 8.3 Fire Magic
 - Level 4.8 Poison Magic
 + Level 2.1 Evocations


You had 13 spell levels left.
You knew the following spells:

 Your Spells              Type           Power      Damage    Failure   Level
a - Foxfire               Conj/Fire      100%       2x1d9     1%          1
b - Scorch                Fire           100%       2d10      1%          2
c - Flame Wave            Conj/Fire      51%        2d13      1%          4
d - Olgreb's Toxic Radia  Pois           36%        N/A       2%          4
e - Frozen Ramparts       Ice            22%        1d4       6%          3

Your spell library contained the following spells:

 Spells                   Type           Power      Damage    Failure   Level
 Static Discharge         Conj/Air       31%        3-7/arc   1%          2
 Magic Dart               Conj           100%       1d8       1%          1
 Sting                    Tmut/Pois      96%        1d7       1%          1
 Poisonous Vapours        Pois/Air       48%        N/A       1%          2
 Conjure Flame            Conj/Fire      51%        6-21      1%          3
 Inner Flame              Hex/Fire       32%        N/A       1%          3
 Mephitic Cloud           Conj/Pois/Air  32%        N/A       1%          3
 Call Imp                 Summ           11%        N/A       3%          2
 Passwall                 Tmut/Erth      9%         N/A       3%          2
 Fulminant Prism          Conj/Hex       15%        3d11      4%          4
 Tukima's Dance           Hex            11%        N/A       6%          3
 Ice Form                 Ice/Tmut       11%        N/A       21%         4
 Summon Ice Beast         Ice/Summ       11%        N/A       21%         4
 Statue Form              Tmut/Erth      7%         N/A       95%         6

Inventory:

Hand Weapons
 o - a +0 long sword {long}
   (You found it on level 1 of the Dungeon)
 A - a +2 whip of holy wrath {mace}
   (You took it off an orc on level 6 of the Dungeon)
 R - a +2 dagger of speed {short}
   (You took it off a kobold on level 6 of the Dungeon)
 T - a +3 dagger of venom {short}
   (You took it off a kobold on level 6 of the Dungeon)
 W - the +6 spear of the Tooth (weapon) {freeze, Fly rElec rC+ Will+, polearm}
   (You found it on level 6 of the Dungeon)

   It freezes those it strikes, dealing additional cold damage.
   It can also slow down cold-blooded creatures.
   rC:        It protects you from cold.
   rElec:     It insulates you from electricity.
   Fly:       It grants you flight.
   Will:      It increases your willpower.
Missiles
 c - 5 stones {throwing}
 z - 2 silver javelins {throwing}
 F - a throwing net {=f!fthrowing}
 M - a curare-tipped dart {=fthrowing}
 O - 22 poisoned darts {throwing}
Armour
 a - a +0 robe
 d - a +0 ring mail
   (You took it off a gnoll sergeant on level 9 of the Dungeon)
 h - a +0 ring mail
   (You found it on level 2 of the Dungeon)
 p - +0 steam dragon scales
   (You found it on level 7 of the Dungeon)
 w - a +1 pair of gloves (worn)
   (You found it in a sewer)
 B - a +0 chain mail
   (You found it on level 7 of the Dungeon)
 D - a +0 scale mail
   (You took it off a gnoll sergeant on level 9 of the Dungeon)
 Z - +0 steam dragon scales (worn)
   (You found it on level 7 of the Dungeon)
Magical Staves
 L - a staff of fire {!astaff}
   (You found it on level 7 of the Dungeon)
Jewellery
 k - a ring of protection from fire
   (You took it off a kobold on level 6 of the Dungeon)
 m - a +4 ring of evasion
   (You found it on level 7 of the Dungeon)
 q - a ring of willpower
   (You found it on level 2 of the Dungeon)
 r - a +4 ring of slaying (right hand)
   (You found it on level 2 of the Dungeon)
 C - a ring of protection from cold
   (You found it on level 4 of the Dungeon)
 I - a ring of wizardry (left hand)
   (You found it on level 5 of the Dungeon)
 J - a ring of protection from fire
   (You found it on level 5 of the Dungeon)
 U - a +4 ring of protection
   (You found it on level 6 of the Dungeon)
Wands
 E - a wand of flame (17)
   (You found it on level 8 of the Dungeon)
 N - a wand of digging (5)
   (You found it on level 8 of the Dungeon)
Scrolls
 e - 2 scrolls of magic mapping {!r}
 g - 3 scrolls of butterflies
 i - 6 scrolls of teleportation {@r4}
 s - 4 scrolls of amnesia
 t - a scroll of fear {unknown}
 u - a scroll of enchant weapon
 y - 2 scrolls of summoning {unknown}
 K - a scroll of blinking {!r}
 Q - a scroll of vulnerability {unknown}
 X - 3 scrolls of brand weapon {unknown}
Potions
 b - a potion of magic
 f - 6 potions of curing {@q1}
 j - 4 potions of brilliance
 l - 2 potions of resistance
 n - a potion of heal wounds {unknown}
 v - 3 potions of mutation {!q}
 x - 8 potions of flight
 G - a potion of berserk rage {!q}
 P - a potion of attraction {unknown}
 V - a potion of lignification {!q}

Dungeon Overview and Level Annotations

Branches:
Dungeon (9/15) Zot: 26135  Temple (1/1) D:5 Zot: 5944   Sewer (visited)
   Lair: D:8-11         Orc: D:9-12

Altars:
Cheibriados
Dithmenos
Elyvilon
Gozag
Hepliaklqana
Kikubaaqudgha
Makhleb
Nemelex Xobeh
Okawaru
Qazlal
Ru
Sif Muna
Uskayaw
Vehumet
Wu Jian
Yredelemnul
Zin

Shops:
D:2 ?   D:5 (

Annotations:
D:3 2 transporters, OstrichLN's ghost, weakling MiMo

##.....#....
#.#......... #.#.....#
# ####.##....# .#
P♣P♣##..........# ...
................# ....
P♣P♣##.#........###..#
########........#.†#
......##...#####@O.#
...###...### #.†.## .
##..## .###.# ## ##..#
###...#.# .##
#..###.#....# # ..##
####...#.....#
...####.#....#....#
..##...#.....#...#
..#....#....#.#


You could see a two-headed ogre.


Message History

You conjure some foxfire! 😎 MP[-1]
You lost 1 mp, and now have 21/25 mp.
Unknown command.
Casting: Foxfire (safe; 1% risk of failure)
Confirm with . or Enter, or press ? or * to list all spells.
You conjure some foxfire!
The killer bee buzzes angrily. x2; You hear an angry buzzing noise. x2
The foxfire hits the killer bee.
A killer bee comes into view. x2
The wall freezes the killer bee. 😎 MP[-1]
You lost 1 mp, and now have 20/25 mp.
The foxfire hits the killer bee.
The foxfire hits the killer bee!
You kill the killer bee!
Vehumet accepts your kill.
The foxfire hits the killer bee!
The wall freezes the killer bee.
A killer bee comes into view.
Your Evocations skill increases to level 2!
Casting: Foxfire (safe; 1% risk of failure)
Confirm with . or Enter, or press ? or * to list all spells.
You conjure some foxfire!
The killer bee buzzes angrily.
The wall freezes the killer bee. x2 😎 MP[-1]
You lost 1 mp, and now have 19/25 mp.
Casting: Foxfire (safe; 1% risk of failure)
Confirm with . or Enter, or press ? or * to list all spells.
You conjure some foxfire!
The foxfire hits the killer bee but does no damage.
The wall freezes the killer bee but does no damage.
The wall freezes the killer bee.
The foxfire hits the killer bee. x2
A two-headed ogre comes into view.
It is wielding a +0 great mace and a +0 giant club.
The wall freezes the killer bee.
Casting: Foxfire (safe; 1% risk of failure)
Confirm with . or Enter, or press ? or * to list all spells.
You conjure some foxfire!
The frozen ramparts melt away.
The foxfire hits the killer bee!
You kill the killer bee!
Vehumet accepts your kill.
The killer bee stings you. 😕 HP[-3] MP[-1]
You take 3 damage, and now have 53/56 hp.
You lost 1 mp, and now have 18/25 mp.
Casting: Foxfire (safe; 1% risk of failure)
Confirm with . or Enter, or press ? or * to list all spells.
Casting: Frozen Ramparts (dangerous; 6% risk of failure)
Press: ? - help, Dir - look around, f - activate The walls around you are covered in ice.
The foxfire hits the killer bee. x2
You kill the killer bee!
Vehumet accepts your kill.
The wall freezes the killer bee.
The wall freezes the two-headed ogre.
The wall freezes the killer bee.
The killer bee stings you but does no damage.
The wall freezes the killer bee. 😕 MP[-3]
You lost 3 mp, and now have 15/25 mp.
Casting: Frozen Ramparts (dangerous; 6% risk of failure)
Confirm with . or Enter, or press ? or * to list all spells.
Casting: Flame Wave (dangerous; 1% risk of failure)
Press: ? - help, Dir - look around, f - activate A wave of flame ripples out!
The flame wave engulfs the killer bee!
You kill the killer bee!
Vehumet accepts your kill. (Press . to intensify the flame waves.)
The wall freezes the killer bee.
The wall freezes the two-headed ogre. 😕 HP[+1] MP[-4]
You lost 4 mp, and now have 11/25 mp.
A wave of flame ripples out!
The flame wave engulfs the two-headed ogre.
The flame wave engulfs the killer bee!
The wall freezes the killer bee. x2
The killer bee stings you. 😕 HP[-3] MP[-1]
You take 3 damage, and now have 51/56 hp.
You lost 1 mp, and now have 10/25 mp.
A wave of flame ripples out!
The flame wave engulfs the two-headed ogre!!
The flame wave engulfs the killer bee!
You kill the killer bee!
Vehumet accepts your kill.
Vehumet offers you knowledge of Static Discharge.
You finish channelling waves of flame.
The wall freezes the two-headed ogre.
The two-headed ogre misses you.
The two-headed ogre hits you with a +0 giant club!! 😮 HP[-21]
You take 21 damage, and now have 30/56 hp.
MASSIVE DAMAGE!! (PAUSE)
Casting: Flame Wave (dangerous; 1% risk of failure)
Confirm with . or Enter, or press ? or * to list all spells.
Casting: Flame Wave (dangerous; 1% risk of failure)
Press: ? - help, Dir - look around, f - activate A wave of flame ripples out!
The flame wave engulfs the two-headed ogre! (Press . to intensify the flame waves.)
The wall freezes the two-headed ogre.
The two-headed ogre hits you with a +0 great mace!!
* * * LOW HITPOINT WARNING * * *
The two-headed ogre hits you with a +0 giant club!
You die...

Skill      XL: |  1  2  3  4  5  6  7  8  9 10 |
---------------+-------------------------------+-----
Stealth        | 3 4 |  4.3
Dodging        | 3 4 5 6 8 |  8.6
Fighting       | 1 2 3 |  3.5
Conjurations   | 2 3 4 5 7 |  7.7
Fire Magic     | 4 5 6 7 8 |  8.3
Spellcasting   | 4 6 7 8 9 |  9.4
Poison Magic   | 1 3 4 |  4.8
Evocations     | 2 |  2.1

Action                   |  1- 3 |  4- 6 |  7- 9 | 10-12 || total
-------------------------+-------+-------+-------+-------++-------
Melee: Short sword       |     4 |       |       |       ||     4
       Unarmed           |     2 |       |       |       ||     2
       Long sword        |     9 |     2 |     4 |       ||    15
       Dagger            |       |       |     4 |       ||     4
       Spear             |       |       |    13 |    12 ||    25
 Cast: Foxfire           |    86 |   150 |   219 |    65 ||   520
       Scorch            |       |    11 |     7 |     7 ||    25
       Flame Wave        |       |       |     6 |    11 ||    17
       Frozen Ramparts   |       |       |       |     2 ||     2
  Use: Scroll            |     5 |     3 |     7 |     3 ||    18
       Potion            |     1 |       |       |       ||     1
 Stab: Sleeping          |     1 |       |       |       ||     1
Armor: Robe              |     2 |     1 |     6 |       ||     9
       Steam dragon scal |       |       |     4 |     6 ||    10
Dodge: Dodged            |    19 |    11 |    48 |    28 ||   106

Levels and vault maps discovered:
D:1:      dpeg_arrival_water_temple_mockup, layout_loops_ring,
          minmay_misc_feat_doors
D:2:      layout_basic, serial_shops, shop, chequers_ecumenical_altar_lobes
D:3:      layout_loops_ring, gammafunk_ghost_smash,
          cheibrodos_sewer_entry_sluice
D:4:      layout_basic, okawaru_metal_pillars_3, kennysheep_boxes
D:5:      layout_basic, lemuel_doored_altar, minmay_temple_entry_waves,
          serial_shops, shop
D:6:      minmay_spotlight, layout_rooms, minitemple
D:7:      layout_loops_ring, makhleb_altar_promises_db, minmay_shattered_shrine
D:8:      layout_loops_ring, minmay_holes
D:9:      nicolae_BIG_FREAKIN_CUBE, layout_layer_cave,
          lemuel_coloured_pillars_altar, minmay_orc_entry_guard_dogs,
          kennysheep_nub, minmay_misc_feat_hallway, dreamdust_princess_corridor,
          minmay_radiant
Temple:   hellmonk_temple_two_chambers

Notes
Turn   | Place    | Note
-------+----------+-------------------------------------------
     0 | D:1      | mcwallace the Deep Elf Fire Elementalist began the quest
                  | for the Orb.
     0 | D:1      | Reached XP level 1. HP: 10/10 MP: 6/6
     0 | D:1      | magus.rc [v1.9.6]
   349 | D:1      | Reached XP level 2. HP: 14/15 MP: 4/8
   884 | D:1      | You pick up a book of Minor Magic and begin reading...
   884 | D:1      | You add the spells Magic Dart, Call Imp and Mephitic Cloud
                  | to your library.
  1049 | D:2      | Reached XP level 3. HP: 20/20 MP: 1/9
  1052 | D:2      | Learned a level 2 spell: Scorch
  1128 | D:2      | Found Hiev's Magic Scroll Shop.
  1143 | D:2      | Bought a scroll of identify for 26 gold pieces
  1143 | D:2      | Bought a scroll of identify for 26 gold pieces
  1223 | D:2      | Found a faded altar of an unknown god.
  1296 | D:2      | You add the spells Sting, Poisonous Vapours and Olgreb's
                  | Toxic Radiance to your library.
  1316 | D:2      | Reached skill level 3 in Stealth
  1784 | D:2      | HP: 1/20 [hobgoblin (5)]
  1787 | D:2      | Reached skill level 3 in Dodging
  1871 | D:3      | Noticed an ogre
  1872 | D:3      | Found a transporter.
  1877 | D:3      | Noticed OstrichLN's ghost (weakling MiMo)
  1885 | D:3      | Noticed an ogre
  1886 | D:3      | Found a transporter.
  1903 | D:3      | Found a glowing drain.
  1926 | Sewer    | Entered a sewer
  1933 | Sewer    | Reached XP level 4. HP: 19/24 MP: 3/11
  2002 | Sewer    | Reached skill level 1 in Fighting
  2002 | Sewer    | Reached skill level 2 in Conjurations
  2519 | Sewer    | Reached skill level 4 in Fire Magic
  2824 | Sewer    | Reached XP level 5. HP: 29/29 MP: 9/12
  3271 | D:3      | Reached skill level 4 in Spellcasting
  4172 | D:4      | Reached skill level 4 in Stealth
  4172 | D:4      | Reached XP level 6. HP: 22/35 MP: 3/14
  4332 | D:4      | Reached skill level 3 in Conjurations
  4488 | D:4      | Reached skill level 4 in Dodging
  4565 | D:4      | Reached skill level 2 in Fighting
  5291 | D:4      | Found an iron altar of Okawaru.
  5374 | D:5      | Entered Level 5 of the Dungeon
  5438 | D:5      | Learned a level 4 spell: Flame Wave
  5457 | D:5      | Found Deab's Weapon Boutique.
  5556 | D:5      | Reached XP level 7. HP: 40/40 MP: 9/16
  5613 | D:5      | Found a staircase to the Ecumenical Temple.
  5622 | Temple   | Entered the Ecumenical Temple
  5658 | Temple   | Became a worshipper of Vehumet
  5685 | D:5      | Reached skill level 5 in Spellcasting
  5765 | D:5      | Reached skill level 5 in Fire Magic
  6204 | D:5      | Reached skill level 4 in Conjurations
  6281 | D:5      | You add the spells Passwall, Tukima's Dance, Fulminant
                  | Prism and Statue Form to your library.
  6281 | D:5      | Got the Anthology of Reformed Imprecation
  6333 | D:5      | Found a shimmering blue altar of Sif Muna.
  6541 | D:6      | Reached skill level 5 in Dodging
  6622 | D:6      | Noticed a steam dragon
  6662 | D:6      | Found a sparkling altar of Nemelex Xobeh.
  6670 | D:6      | Found a sacrificial altar of Ru.
  6719 | D:6      | Reached skill level 1 in Poison Magic
  6785 | D:6      | Reached skill level 6 in Spellcasting
  6785 | D:6      | Reached XP level 8. HP: 44/44 MP: 11/19
  6927 | D:6      | Reached skill level 2 in Poison Magic
  6927 | D:6      | Reached * piety under Vehumet
  6927 | D:6      | Offered knowledge of Shock by Vehumet.
  7298 | D:6      | Identified the +6 spear of the Tooth {freeze, Fly rElec rC+
                  | Will+}
  7497 | D:7      | Reached skill level 5 in Conjurations
  7497 | D:7      | Reached skill level 6 in Fire Magic
  7584 | D:7      | Reached skill level 6 in Dodging
  7584 | D:7      | Reached skill level 3 in Poison Magic
  7833 | D:7      | Reached skill level 7 in Spellcasting
  7848 | D:7      | Noticed a brown ugly thing
  7857 | D:7      | Noticed a boulder beetle
  7947 | D:7      | Reached XP level 9. HP: 48/48 MP: 9/21
  7957 | D:7      | Learned a level 4 spell: Olgreb's Toxic Radiance
  8129 | D:7      | Reached skill level 4 in Poison Magic
  8262 | D:7      | Identified a scroll of acquirement
  8263 | D:7      | Acquired 694 gold pieces
  8296 | D:7      | Reached skill level 6 in Conjurations
  8326 | D:7      | Reached skill level 7 in Dodging
  8491 | D:7      | Reached skill level 7 in Fire Magic
  8673 | D:7      | Killed a brown ugly thing
  8674 | D:7      | Reached skill level 8 in Spellcasting
  8810 | D:7      | Found a burning altar of Makhleb.
  8812 | D:7      | Noticed a blizzard demon
  8816 | D:7      | Noticed a smoke demon
  8816 | D:7      | Noticed an orange demon
  9317 | D:8      | Noticed a two-headed ogre
  9324 | D:8      | Killed a two-headed ogre
  9325 | D:8      | Reached skill level 8 in Dodging
  9325 | D:8      | Reached skill level 7 in Conjurations
  9325 | D:8      | Reached XP level 10. HP: 55/55 MP: 15/24
  9325 | D:8      | Offered knowledge of Searing Ray by Vehumet.
  9330 | D:8      | Reached skill level 3 in Fighting
  9330 | D:8      | Reached skill level 9 in Spellcasting
  9527 | D:8      | Reached ** piety under Vehumet
  9528 | D:8      | Reached skill level 8 in Fire Magic
 10109 | D:9      | HP: 10/56 [vampire (10)]
 10448 | D:9      | Reached skill level 1 in Evocations
 10727 | D:9      | You pick up a book of Rime and begin reading...
 10727 | D:9      | You add the spells Frozen Ramparts, Ice Form and Summon Ice
                  | Beast to your library.
 10732 | D:9      | Learned a level 3 spell: Frozen Ramparts
 10780 | D:9      | Reached skill level 2 in Evocations
 10781 | D:9      | Noticed a two-headed ogre
 10786 | D:9      | Offered knowledge of Static Discharge by Vehumet.
 10787 | D:9      | HP: 11/56 [two-headed ogre/+0 great mace (19)]
 10787 | D:9      | Slain by a two-headed ogre

Vanquished Creatures
  A two-headed ogre (D:8)
  An ugly thing (D:7)
  A slime creature (D:9)
  A wraith (D:9)
  A wyvern (D:7)
  3 steam dragons
  A vampire mosquito (D:7)
  2 wargs
  4 black bears
  An ice beast (D:7)
  2 ogres
  3 centaurs
  3 kobold brigands (D:6)
  4 bullfrogs
  3 gnoll sergeants
  A scorpion (D:3)
  8 wights
  8 killer bees (D:9)
  4 howler monkeys
  3 orc priests
  3 jellies
  3 hounds
  A gnoll bouda (D:8)
  2 iguanas
  4 orc wizards
  20 gnolls
  10 adders
  4 river rats (Sewer)
  A shadow imp (D:6)
  A white imp (D:7)
  An ufetubus (D:5)
  2 worms
  4 dart slugs
  13 orcs
  16 bats
  6 endoplasms
  7 giant cockroaches
  7 goblins
  4 hobgoblins
  4 jackals (Sewer)
  3 quokkas
  9 ball pythons
  3 frilled lizards
  13 kobolds
  5 rats
201 creatures vanquished.

Vanquished Creatures (others)
  851 foxfires
  8 plants (D:7)
859 creatures vanquished.

Grand Total: 1060 creatures vanquished

Table legend:
 A = Non-vault XP
 B = Vault XP
 C = Vault XP percentage of total XP
 D = Non-vault monster count
 E = Vault monster count
 F = Vault count percentage of total count
                 A         B        C        D         E       F
            +---------+---------+-------+---------+---------+-------
      Total |    5982 |    2076 |  25.8 |     156 |      45 |  22.4
            +---------+---------+-------+---------+---------+-------
        D:1 |      30 |       0 |   0.0 |      16 |       0 |   0.0
        D:2 |      31 |       0 |   0.0 |      11 |       0 |   0.0
        D:3 |     135 |       8 |   5.6 |      17 |       3 |  15.0
        D:4 |     322 |       0 |   0.0 |      15 |       0 |   0.0
        D:5 |     408 |       0 |   0.0 |      11 |       0 |   0.0
        D:6 |     697 |     131 |  15.8 |      19 |       5 |  20.8
        D:7 |    1182 |    1190 |  50.2 |      19 |       5 |  20.8
        D:8 |    2093 |     173 |   7.6 |      26 |       1 |   3.7
        D:9 |    1084 |     457 |  29.7 |      22 |       2 |   8.3
      Sewer |       0 |     117 | 100.0 |       0 |      29 | 100.0
            +---------+---------+-------+---------+---------+-------

Illustrated notes

Table legend:
 A = Kills in this place as a percentage of kills in entire the game.
 B = Kills by you in this place as a percentage of kills by you in the entire game.
 C = Kills by friends in this place as a percentage of kills by friends in the entire game.
 D = Other kills in this place as a percentage of other kills in the entire game.
 E = Experience gained in this place as a percentage of experience gained in the entire game.
 F = Experience gained in this place divided by the number of levels of this place that you have seen.
                   A       B       C       D       E      F
               +-------+-------+-------+-------+-------+----------------------
         Total | 100.0 | 100.0 |   N/A |   N/A | 100.0 | 732.5
       Dungeon |  85.6 |  85.6 |   N/A |   N/A |  98.5 | 882.3
         Sewer |  14.4 |  14.4 |   N/A |   N/A |   1.5 | 117.0
               +-------+-------+-------+-------+-------+----------------------

Table legend: (Time is in decaauts)
 A = Elapsed time spent in this place.
 B = Non-inter-level travel time spent in this place.
 C = Inter-level travel time spent in this place.
 D = Time resting spent in this place.
 E = Time spent auto-exploring this place.
 F = Levels seen in this place.
 G = Mean time per level.
                   A        B        C        D        E       F      G
               +--------+--------+--------+--------+--------+-----+--------+
         Total |  10970 |  10683 |    287 |    765 |   7958 |  11 |  997.3 |
       Dungeon |   9421 |   9134 |    287 |    574 |   6940 |   9 | 1046.8 |
        Temple |     55 |     55 |      0 |      0 |     10 |   1 |   55.0 |
         Sewer |   1494 |   1494 |      0 |    191 |   1008 |   1 | 1494.0 |
               +--------+--------+--------+--------+--------+-----+--------+

Top non-repeatable levels by time:
   Sewer: 1494 daAuts
     D:8: 1423 daAuts
     D:7: 1371 daAuts
     D:3: 1173 daAuts
     D:5: 1154 daAuts
     D:4: 1119 daAuts
     D:1: 966 daAuts
     D:6: 897 daAuts
     D:2: 802 daAuts
     D:9: 512 daAuts
  Temple: 55 daAuts
